 Dungeon Crawl Stone Soup version 0.29-a0-757-g358383bc75 (webtiles) character file.

Game seed: 7713516260862476401

12 buhh the Shooter (level 2, -2/19 HPs)
             Began as an Octopode Hunter on June 30, 2022.
             Slain by a kobold
             ... wielding a +0 whip
              (4 damage)
             ... on level 1 of the Dungeon.
             The game lasted 00:00:58 (263 turns).

buhh the Shooter (Octopode Hunter)                   Turns: 263, Time: 00:00:59

Health: -2/19      AC:  1    Str: 10    XL:     2   Next: 33%
Magic:  2/2        EV: 13    Int: 11    God:
Gold:   4          SH:  0    Dex: 15    Spells: 1/1 levels left

rFire   . . .      SeeInvis .   a - +0 shortbow
rCold   . . .      Faith    .   (shield currently unavailable)
rNeg    . . .      Spirit   .   (helmet restricted)
rPois   .          Reflect  .   (no amulet)
rElec   .          Harm     .   (no ring)
rCorr   .          Rampage  .   (no ring)
Will    .....                   (no ring)
Stlth   +++.......              (no ring)
HPRegen 0.06/turn               (no ring)
MPRegen 0.08/turn               (no ring)
                                (no ring)
                                (no ring)

@: about to teleport
A: almost no armour, amphibious, 8 rings, camouflage 1, gelatinous body 1,
(nimble swimmer 1), tentacles
a: no special abilities


You were on level 1 of the Dungeon.
You visited 1 branch of the dungeon, and saw 1 of its levels.

You collected 4 gold pieces.

Inventory:

Hand Weapons
 a - a +0 shortbow (weapon)
Scrolls
 b - 3 scrolls of blinking {unknown}
 e - a scroll of identify {unknown}
 T - a scroll of immolation {!d}


   Skills:
 - Level 2.0 Fighting
 + Level 4.1 Ranged Weapons
 - Level 2.0 Dodging
 * Level 2.9 Stealth


You had one spell level left.
You didn't know any spells.
Your spell library was empty.

Dungeon Overview and Level Annotations

Branches:
Dungeon (1/15) Zot: 5728

Altars:


Innate Abilities, Weirdness & Mutations

You cannot wear most types of armour.
You are amphibious.
You can wear up to eight rings at the same time.
Your skin changes colour to match your surroundings (Stealth+).
Your rubbery body absorbs attacks. (AC +1, EV +1)
((You are camouflaged when in or above water. (Stealth+)))
You have tentacles for arms and can constrict up to eight enemies at once.


Message History

The kobold shouts!
The kobold is heavily wounded.
You shoot an arrow. The arrow barely misses the kobold.
You shoot an arrow. The arrow barely misses the kobold.
You shoot an arrow. The arrow hits the kobold.
You kill the kobold!
No target in view!
You see here a +0 short sword.
A kobold and a rat come into view.
The kobold shouts!
You hear a shout!
There are monsters nearby!
You shoot an arrow. The arrow misses the kobold.
You shoot an arrow. The arrow closely misses the kobold.
The kobold closely misses you. x2
You shoot an arrow. The arrow barely misses the kobold.
The kobold hits you with a +0 whip.
You shoot an arrow. The arrow barely misses the kobold.
The kobold barely misses you.
You shoot an arrow. The arrow barely misses the kobold.
The kobold hits you with a +0 whip. The rat misses you.
You shoot an arrow. The arrow barely misses the kobold.
The kobold misses you. The rat completely misses you.
The kobold hits you with a +0 whip. The rat closely misses you.
You are too injured to fight recklessly!
You aren't carrying any potions.
As you read the scroll labelled OMORGHO MUQUL, it crumbles to dust.
You feel aware of your surroundings.
It was a scroll of magic mapping.
The kobold hits you with a +0 whip.
* * * LOW HITPOINT WARNING * * *
A goblin comes into view. It is wielding a +0 club.
The rat closely misses you.
As you read the scroll labelled BUECKU UMADGH, it crumbles to dust.
You feel strangely unstable.
It was a scroll of teleportation.
The kobold hits you with a +0 whip.
* * * LOW HITPOINT WARNING * * *
The rat completely misses you.
Okay, then.
The kobold attacks as you move away! The kobold misses you.
The kobold attacks as you move away! The kobold hits you with a +0 whip.
You die...

......#######.)........#
.....## #..........# ......##
#####.########## ...†...#####
#..........#
.......##..######.>........#
.......##.....##...........#
...)......###..............#
..........####.....).......#
...)...##.......@..........#
......###..###.rK#.........#
...........####..>....######
##..#.###...........)...##
...##.##.......#####..#..#####
.##,..........g.* ##........#
#**,............# ###......# *
*,,^......###.# #......#
***,,,,.....,,*g#* ########


You could see a goblin, a kobold and a rat.

Vanquished Creatures
  A dart slug (D:1)
  An endoplasm (D:1)
  A hobgoblin (D:1)
  5 kobolds (D:1)
  2 rats (D:1)
10 creatures vanquished.

Notes
Turn   | Place    | Note
-------+----------+-------------------------------------------
     0 | D:1      | buhh the Octopode Hunter began the quest for the Orb.
     0 | D:1      | Reached XP level 1. HP: 14/14 MP: 1/1
    39 | D:1      | Reached XP level 2. HP: 11/19 MP: 2/2
   263 | D:1      | Slain by a kobold

Illustrated notes

Levels and vault maps discovered:
D:1:      minmay_arrival_stone_box, layout_rooms

Skill      XL: |  1 |
---------------+----+-----
Stealth        | 2 |  2.9
Fighting       | |  2.0
Ranged Weapons | |  4.1
Dodging        | |  2.0

Action                   || total
-------------------------++-------
 Fire: Shortbow          ||    28
  Use: Scroll            ||     2
Dodge: Dodged            ||    11

Table legend: (Time is in decaauts)
 A = Elapsed time spent in this place.
 B = Non-inter-level travel time spent in this place.
 C = Inter-level travel time spent in this place.
 D = Time resting spent in this place.
 E = Time spent auto-exploring this place.
 F = Levels seen in this place.
 G = Mean time per level.
                   A        B        C        D        E       F      G
               +--------+--------+--------+--------+--------+-----+--------+
         Total |    271 |    271 |      0 |      0 |    213 |   1 |  271.0 |
       Dungeon |    271 |    271 |      0 |      0 |    213 |   1 |  271.0 |
               +--------+--------+--------+--------+--------+-----+--------+

Top non-repeatable levels by time:
     D:1: 271 daAuts
